Map: Jagannatha LE

Players

ShoWTimE - Winner!

  • Race: Protoss Protoss
  • Spawn Location: 1:00

INnoVation

  • Race: Terran Terran
  • Spawn Location: 7:00

Event: ASUS ROG Online 2020

VOD

Have the link to the VOD?

Description

Time

  • Played on: Nov. 28, 2020, 12:39 p.m.
  • Length: 13:32

All games in this series

Show
View Real Time Build Order
Export as new Build Order

ShoWTimE Protoss - Winner!

Build Orders: 1 Gate Expand, Phoenix Opening, Blink Stalkers, Colossus Rush 

Get SALT Encoding   

  12  0:00  Probe  
  13  0:12  Probe  
  14  0:17  Pylon  
  14  0:25  Probe (Chrono Boost)  
  15  0:37  Probe (Chrono Boost)  
  15  0:38  Gateway  
  16  0:44  Probe (Chrono Boost)  
  16  0:47  Assimilator  
  17  0:51  Probe  
  18  1:03  Probe  
  19  1:16  Probe  
  20  1:25  Cybernetics Core  
  20  1:35  Nexus  
  20  1:37  Probe  
  21  1:45  Pylon  
  21  1:49  Probe  
  21  1:53  Assimilator  
  22  2:00  Adept (Chrono Boost)  
  22  2:01  Probe (Chrono Boost)  
  25  2:10  Shield Battery  
  25  2:13  Probe (Chrono Boost)  
  26  2:15  Warp Gate  
  26  2:22  Probe (Chrono Boost)  
  27  2:23  Sentry  
  27  2:27  Probe  
  30  2:42  Probe (Chrono Boost)  
  30  2:43  Twilight Council  
  31  2:47  Probe (Chrono Boost)  
  32  2:55  Stalker  
  32  2:56  Probe x2 (Chrono Boost)  
  36  3:00  Phoenix  
  36  3:01  Probe (Chrono Boost)  
  36  3:04  Probe  
  38  3:08  Gateway  
  38  3:12  Blink (Chrono Boost)  
  38  3:13  Probe  
  38  3:16  Probe  
  40  3:24  Pylon  
  40  3:27  Probe  
  40  3:29  Probe  
  42  3:39  Probe  
  42  3:41  Probe  
  44  3:42  Robotics Facility  
  44  3:51  Probe  
  44  3:53  Probe  
  44  3:55  Assimilator  
  46  3:56  Assimilator  
  46  4:02  Pylon  
  46  4:03  Probe  
  46  4:05  Probe  
  46  4:07  Stalker  
  46  4:09  Stalker  
  52  4:15  Probe  
  53  4:17  Probe  
  54  4:28  Probe  
  54  4:29  Probe  
  54  4:31  Robotics Bay, Observer  
  57  4:35  Phoenix  
  57  4:36  Pylon  
  57  4:39  Nexus  
  57  4:40  Probe  
  57  4:41  Probe  
  57  4:43  Pylon  
  59  4:52  Charge, Observer (Chrono Boost), Probe  
  61  4:53  Probe  
  61  4:55  Stalker  
  61  4:59  Stalker  
  66  5:04  Pylon, Probe  
  66  5:05  Probe  
  68  5:10  Observer (Chrono Boost)  
  69  5:16  Probe  
  69  5:18  Probe  
  71  5:21  Colossus (Chrono Boost)  
  78  5:28  Probe  
  78  5:30  Probe  
  78  5:35  Extended Thermal Lance (Chrono Boost), Forge  
  79  5:36  Gateway  
  79  5:40  Probe  
  79  5:42  Probe  
  81  5:44  Gateway  
  81  5:51  Gateway  
  81  5:52  Gateway, Probe  
  82  6:03  Sentry, Colossus (Chrono Boost)  
  84  6:06  Shield Battery  
  84  6:08  Probe x2  
  84  6:09  Protoss Ground Weapons Level 1 (Chrono Boost)  
  92  6:11  Pylon  
  92  6:15  Probe  
  92  6:16  Zealot  
  95  6:19  Shield Battery  
  95  6:20  Pylon  
  95  6:27  Zealot  
  95  6:31  Zealot  
  99  6:33  Pylon  
  99  6:37  Observer  
  99  6:38  Zealot x2  
  103  6:41  Colossus (Chrono Boost)  
  103  6:46  Sentry  
  103  6:47  Pylon  
  109  6:50  Zealot x2  
  109  6:53  Pylon  
  113  6:54  Zealot  
  113  6:59  Zealot x2  
  111  7:11  Zealot x2  
  108  7:17  Zealot  
  108  7:20  Zealot x2  
  114  7:24  Pylon  
  114  7:26  Pylon  
  114  7:27  Templar Archives  
  114  7:28  Disruptor (Chrono Boost)  
  114  7:31  Gateway  
  114  7:33  Zealot  
  114  7:34  Zealot  
  111  7:40  Zealot x3  
  111  7:41  Observer  
  95  7:50  Probe x3  
  98  7:51  Gateway  
  98  7:53  Assimilator, Gateway  
  98  7:55  Assimilator  
  98  7:58  Sentry  
  100  7:59  Zealot  
  100  8:01  Warp Prism (Chrono Boost)  
  100  8:04  Probe x3  
  107  8:08  Protoss Ground Weapons Level 2 (Chrono Boost)  
  107  8:09  Pylon  
  107  8:14  Pylon  
  107  8:15  Forge  
  107  8:23  High Templar x2  
  111  8:27  Archon  
  111  8:28  High Templar x2  
  111  8:33  Archon  
  115  8:35  Nexus  
  115  8:39  Disruptor  
  118  8:43  Probe x3  
  118  8:44  Gravitic Drive (Chrono Boost)  
  118  8:45  Shield Battery  
  121  8:50  Protoss Ground Armor Level 1  
  121  8:52  Pylon  
  121  8:56  Probe x3  
  124  9:03  Zealot x3  
  124  9:07  Zealot  
  124  9:08  Probe  
  133  9:16  Zealot x3  
  139  9:22  Stalker  
  139  9:26  Stalker x3  
  139  9:30  Stalker  
  147  9:36  Zealot  
  147  9:37  Zealot x2  
  153  9:45  Disruptor (Chrono Boost)  
  153  9:47  Zealot, Observer  
  153  9:52  Zealot x3  
  133  10:03  Zealot x4  
  137  10:16  Observer, Nexus  
  137  10:18  Disruptor (Chrono Boost)  
  136  10:23  High Templar x6  
  136  10:24  Zealot x2  
  136  10:28  Archon x3, Pylon  
  150  10:32  Pylon  
  150  10:41  Probe x3  
  153  10:43  Warp Prism (Chrono Boost)  
  155  10:50  High Templar x2  
  155  10:53  Photon Cannon  
  155  10:54  Shield Battery  
  155  10:55  Archon  
  159  11:01  Zealot x2  
  163  11:10  Protoss Ground Armor Level 2 (Chrono Boost)  
  163  11:14  Zealot x4  
  171  11:27  Disruptor  
  174  11:37  Observer  
  159  11:48  Zealot x4  
  159  11:49  Zealot x4  
  159  12:02  Gateway, Disruptor  
  159  12:05  Gateway  
  162  12:10  Stalker x2, Zealot x3  
  162  12:11  Zealot x3  
  162  12:15  Observer  
  178  12:32  Dark Shrine  
  178  12:33  Zealot x5  
  188  12:38  Disruptor  
  174  12:53  Zealot x6  
  174  12:54  Zealot x2  
  174  12:57  Pylon  
  188  13:05  Assimilator, Probe x4, Nexus  
  184  13:06  Assimilator  
  184  13:08  Pylon  
  184  13:15  Robotics Facility  
  184  13:17  Probe x3  
  188  13:20  Zealot x4  
Show
View Real Time Build Order
Export as new Build Order

INnoVation Terran 

Build Orders: Reaper Expand 

Get SALT Encoding   

  12  0:00  SCV  
  13  0:12  SCV  
  14  0:17  Supply Depot  
  14  0:24  SCV  
  15  0:38  SCV  
  15  0:40  Barracks  
  16  0:44  Refinery  
  16  0:50  SCV  
  17  1:02  SCV  
  18  1:15  SCV  
  19  1:27  Orbital Command  
  19  1:28  Reaper  
  20  1:43  Command Center  
  20  1:49  Supply Depot  
  20  1:53  SCV  
  21  1:59  Marine  
  22  2:05  SCV  
  23  2:09  Factory  
  23  2:17  Bunker, SCV  
  23  2:22  Barracks Reactor  
  24  2:23  Refinery  
  25  2:30  SCV  
  25  2:42  SCV  
  26  2:54  SCV  
  26  2:55  Orbital Command  
  26  2:56  Starport  
  27  3:00  Marine x2  
  27  3:02  Factory Tech Lab  
  29  3:06  SCV  
  30  3:18  SCV, Marine x2  
  33  3:21  SCV  
  34  3:30  SCV, Refinery  
  34  3:33  SCV  
  36  3:35  Barracks  
  36  3:36  Marine x2  
  36  3:39  Supply Depot, Raven  
  40  3:42  Factory Tech Lab  
  40  3:43  SCV  
  40  3:45  SCV  
  42  3:54  Marine x2  
  44  3:55  SCV  
  44  3:57  SCV  
  44  4:02  Supply Depot  
  46  4:03  Siege Tank  
  46  4:07  SCV  
  46  4:09  SCV  
  51  4:12  Engineering Bay  
  51  4:13  Marine  
  51  4:14  Marine  
  53  4:20  SCV  
  53  4:23  SCV  
  55  4:24  Barracks  
  55  4:29  Stimpack  
  55  4:32  SCV  
  55  4:35  SCV  
  55  4:37  Siege Tank  
  60  4:40  Supply Depot  
  60  4:43  Terran Infantry Weapons Level 1  
  60  4:44  SCV  
  60  4:45  Marine  
  62  4:49  Starport Reactor  
  62  4:53  Refinery  
  62  5:01  Marauder, SCV x2, Marine  
  62  5:02  Supply Depot  
  62  5:03  Supply Depot  
  68  5:14  SCV x2  
  68  5:19  Combat Shield, Marine  
  70  5:23  Marine  
  70  5:24  Marauder x2  
  70  5:26  Supply Depot  
  70  5:27  SCV  
  76  5:32  Supply Depot  
  76  5:34  Medivac x2  
  80  5:38  Marine  
  80  5:41  Marine  
  82  5:45  Supply Depot, Marauder x2  
  86  5:55  SCV x2  
  88  5:57  Marine  
  88  5:59  Marine  
  88  6:03  Supply Depot  
  90  6:04  Medivac  
  90  6:06  Command Center, Marauder x2  
  90  6:09  Concussive Shells  
  96  6:20  Factory Tech Lab  
  96  6:21  Factory Reactor  
  96  6:22  SCV x2  
  96  6:24  Medivac  
  100  6:26  Barracks  
  100  6:27  Barracks  
  100  6:29  Marauder  
  100  6:30  Marauder  
  104  6:33  Marine x2  
  104  6:38  Terran Infantry Armor Level 1  
  105  6:47  Supply Depot  
  105  6:50  Marauder  
  105  6:51  Marine x2  
  105  6:52  Marauder  
  111  6:57  Medivac x2  
  113  7:04  SCV x2  
  115  7:09  Marine x2  
  115  7:12  Marauder  
  115  7:13  Marauder  
  113  7:20  Orbital Command, Barracks Tech Lab  
  113  7:21  SCV x2  
  115  7:33  Marauder  
  115  7:34  Marauder  
  115  7:37  Medivac x2  
  115  7:38  SCV  
  115  7:40  Marauder  
  115  7:41  Marine x2  
  107  7:49  SCV x2  
  107  7:50  SCV  
  110  7:55  Marauder  
  110  7:56  Marauder  
  114  7:59  Marine x3  
  114  8:00  Marine  
  114  8:01  Marauder  
  114  8:02  SCV x2  
  122  8:06  SCV  
  122  8:07  Viking  
  122  8:10  Viking  
  127  8:15  Supply Depot  
  127  8:16  Supply Depot, Marauder  
  127  8:17  Marauder  
  131  8:21  Marine x3  
  131  8:23  Marauder, Marine  
  131  8:26  SCV x3  
  140  8:31  Engineering Bay, Armory  
  140  8:37  Viking  
  140  8:39  Supply Depot  
  140  8:40  Viking  
  144  8:44  Marauder x2  
  144  8:46  Marauder  
  144  8:47  Marine  
  144  8:48  Marine x3  
  152  9:00  Supply Depot  
  152  9:04  Command Center  
  152  9:06  Marauder x2, Marine x4  
  152  9:07  Marauder  
  152  9:09  Viking  
  164  9:21  Viking  
  166  9:24  Terran Infantry Weapons Level 2  
  166  9:25  Terran Infantry Armor Level 2  
  166  9:29  Marauder x3, Marine  
  173  9:36  Marine x2  
  173  9:37  Marine  
  145  9:49  Marine  
  145  9:50  Marauder, SCV  
  145  9:51  Marauder x2, SCV x2  
  145  9:53  Marine  
  145  9:54  Marine x2  
  144  10:03  SCV x3  
  144  10:05  Refinery x2  
  144  10:06  Viking x2  
  149  10:15  SCV x3  
  139  10:24  Planetary Fortress  
  139  10:25  Ghost Academy  
  139  10:27  SCV x3  
  139  10:28  Marine x4  
  144  10:39  SCV x3, Viking  
  149  10:54  SCV x3  
  149  10:55  Ghost x3  
  158  10:59  Marine  
  158  11:00  Marine x3  
  158  11:03  SCV  
  163  11:06  SCV x2  
  163  11:07  Enhanced Shockwaves  
  163  11:10  Missile Turret  
  164  11:18  Marine x3  
  166  11:24  Marauder x2  
  166  11:25  Marauder  
  151  11:41  Marine x2  
  151  11:42  Marine x2  
  151  11:45  Ghost x3  
  146  11:55  Liberator x2  
  146  11:59  Marine x4  
  156  12:05  Command Center  
  156  12:14  Marauder x3  
  162  12:22  Marine x4  
  144  12:47  Ghost x3  
  144  12:49  Marine x4  
  142  12:53  Medivac x2  
  142  12:55  SCV x3  
  140  13:09  Marine  
  140  13:10  Marine x3  
  144  13:15  SCV  
  144  13:16  SCV x2  
Tags
 
Add a new tag
Caveats
  • Supply blocks, unpowered buildings, or Contaminate may cause inaccurate times.
  • Supply counts are checked every 10 seconds.